 Dungeon Crawl Stone Soup version 0.16.2-12-gd0ad4c3 (webtiles) character file.

644 faibistes the Magician (level 7, -3/39 HPs)
             Began as a Deep Elf Wizard on Jan 16, 2018.
             Slain by a sky beast (5 damage)
             ... on level 5 of the Dungeon.
             The game lasted 00:17:51 (6111 turns).

faibistes the Magician (Deep Elf Wizard)            Turns: 6111, Time: 00:17:51

Health: -3/39      AC:  4    Str:  4    XL:     7   Next: 27%
Magic:  1/25       EV: 14    Int: 25    God:
Gold:   152        SH:  0    Dex: 13    Spells: 7 memorised, 5 levels left

rFire  . . .     SeeInvis .     w - +0 dagger (venom)
rCold  . . .     Clarity  .     a - +0 robe
rNeg   . . .     SustAb   +     (no shield)
rPois  .         Gourm    .     G - +1 helmet
rElec  .         Spirit   .     (no cloak)
rCorr  .         Warding  .     (no gloves)
rMut   .         Stasis   .     (no boots)
MR     .....                    (no amulet)
Stlth  ++........               (no ring)
                                k - ring of sustain abilities

@: very slightly contaminated, repel missiles, not resistant to hostile
enchantments, unstealthy
A: no striking features
a: no special abilities


You were on level 5 of the Dungeon.
You were not hungry.

You visited 1 branch of the dungeon, and saw 5 of its levels.

You collected 152 gold pieces.

Inventory:

Hand weapons
 g - a +0 club
 v - a +0 rapier
 w - a +0 dagger of venom (weapon)
 B - a +2 flail of protection
 D - a +1 mace of holy wrath
Armour
 a - a +0 robe (worn)
 b - a +0 hat
 G - a +1 helmet (worn)
Jewellery
 k - a ring of sustain abilities (left hand)
Magical devices
 t - a wand of paralysis (18)
 y - a wand of slowing (24)
Scrolls
 m - a scroll of immolation
Potions
 e - 3 potions of agility
 h - a potion of lignification
 j - 2 potions of curing
 n - 2 potions of cancellation
 p - a potion of brilliance
 z - 2 potions of cure mutation
Books
 c - a book of Minor Magic

   Spells                             Type                      Level
   a - Magic Dart                     Conjuration                  1
   b - Blink                          Translocation                2
   c - Call Imp                       Summoning                    2
   d - Repel Missiles                 Charms/Air                   2
   e - Slow                           Hexes                        2
   f - Conjure Flame                  Conjuration/Fire             3
   g - Mephitic Cloud                 Conjuration/Poison/Air       3
 E - a book of Transfigurations

   Spells                             Type                      Level
   a - Stoneskin                      Transmutation/Earth          2
   b - Irradiate                      Conjuration/Transmutation    5
   c - Statue Form                    Transmutation/Earth          6
   d - Hydra Form                     Transmutation                6
   e - Dragon Form                    Transmutation                7
Comestibles
 d - 2 bread rations
 f - 8 chunks of flesh
 i - a slice of pizza
 o - 9 fruits
 r - 2 meat rations


   Skills:
 * Level 1.9 Fighting
 + Level 4.7 Dodging
 - Level 2.4 Stealth
 * Level 7.2 Spellcasting
 - Level 4.0 Conjurations
 - Level 1.1 Summonings
 - Level 2.7 Translocations
 + Level 2.2 Evocations


You had 5 spell levels left.
You knew the following spells:

 Your Spells              Type           Power        Failure   Level  Hunger
a - Magic Dart            Conj           ####         1%          1    None
b - Conjure Flame         Conj/Fire      ###.....     12%         3    None
c - Call Imp              Summ           ##......     10%         2    None
d - Blink                 Tloc           N/A          3%          2    None
e - Mephitic Cloud        Conj/Pois/Air  ###.....     12%         3    None
f - Repel Missiles        Chrm/Air       #.....       12%         2    None
g - Stoneskin             Trmt/Erth      #.......     12%         2    None


Dungeon Overview and Level Annotations

Branches:
Dungeon (5/15)
 Temple: D:4-7

Altars:


Message History

Press: ? - help, Shift-Dir - straight line, f/p - orc priest
Aim: an orc priest, wielding a spear (chance 50%)
The orc priest resists with some effort.
This wand has 18 charges left.
The orc priest hits you from afar with a spear.
Something hits you. Something shocks you.
* * * LOW HITPOINT WARNING * * *
Unknown command.
You closely miss something. The orc warrior misses you.
The orc priest glows brightly for a moment.
Something hits you.
* * * LOW HITPOINT WARNING * * *
Something shocks you.
* * * LOW HITPOINT WARNING * * *
You hit something.
The orc warrior barely misses the orc.
The orc priest barely misses you. The orc hits you but does no damage.
Something hits you.
* * * LOW HITPOINT WARNING * * *
Something shocks you.
You die...

#..........##(....#
#........>.#..#######
#..........()#......#
##...........##......#
.....................#
##........####......#
....[.o...# #......#
...#..#.######......#
..#.ooo@.....#######
#.##o#####.# #ยง##..#
### #o###.# #o# .#
##### #o# ..
..o.o..#o# ##. #..%# .
###..#


You could see an orc warrior (confused), an orc priest and 3 orcs.

Vanquished Creatures
  A hound (D:5)
  5 worker ants
  An orc wizard (D:4)
  Natasha (thrice) (D:3)
  2 orc priests (D:4)
  2 iguanas
  Ijyb (D:3)
  A worker ant zombie (D:4)
  5 adders
  A shadow imp (D:3)
  A giant mite (D:2)
  4 worms
  5 giant geckos
  3 oozes
  10 orcs
  8 bats
  5 giant cockroaches
  18 goblins
  12 hobgoblins
  3 quokkas
  4 ball pythons
  A giant gecko skeleton (D:5)
  5 giant newts
  9 jackals
  8 kobolds
  9 rats
127 creatures vanquished.

Vanquished Creatures (collateral kills)
  An ogre (D:5)
  An iguana (D:5)
  An adder (D:3)
  A gnoll (D:1)
  A giant mite (D:3)
  A worm (D:1)
  A bat (D:5)
  A jackal (D:3)
  A giant newt (D:3)
  3 goblins (D:5)
12 creatures vanquished.

Vanquished Creatures (others)
  2 crimson imps
  An iron imp (D:5)
  A shadow imp (D:3)
  2 white imps (D:3)
6 creatures vanquished.

Grand Total: 145 creatures vanquished

Notes
Turn   | Place    | Note
--------------------------------------------------------------
     0 | D:1      | faibistes, the Deep Elf Wizard, began the quest for the Orb.
     0 | D:1      | Reached XP level 1. HP: 10/10 MP: 6/6
   508 | D:1      | Reached XP level 2. HP: 15/15 MP: 1/9
   516 | D:1      | Learned a level 2 spell: Blink
   519 | D:1      | Learned a level 2 spell: Call Imp
  1568 | D:1      | Reached XP level 3. HP: 19/19 MP: 9/12
  1573 | D:1      | Learned a level 3 spell: Conjure Flame
  1577 | D:1      | Learned a level 3 spell: Mephitic Cloud
  2518 | D:2      | Reached XP level 4. HP: 24/24 MP: 12/16
  2628 | D:3      | Reached skill level 5 in Spellcasting
  2674 | D:3      | Learned a level 2 spell: Repel Missiles
  3530 | D:2      | Reached XP level 5. HP: 26/28 MP: 13/19
  4248 | D:3      | Noticed Natasha
  4252 | D:3      | Killed Natasha
  4360 | D:3      | Noticed Ijyb
  4379 | D:3      | Killed Ijyb
  4379 | D:3      | Reached skill level 6 in Spellcasting
  4532 | D:4      | Reached XP level 6. HP: 32/32 MP: 9/22
  4760 | D:3      | Noticed Natasha
  4766 | D:3      | Killed Natasha
  4986 | D:3      | Noticed Natasha
  4988 | D:3      | Killed Natasha
  5226 | D:4      | Reached skill level 1 in Evocations
  5405 | D:4      | Reached skill level 1 in Fighting
  5566 | D:4      | Learned a level 2 spell: Stoneskin
  5879 | D:5      | Entered Level 5 of the Dungeon
  5969 | D:5      | Reached XP level 7. HP: 38/38 MP: 2/24
  5976 | D:5      | Reached skill level 7 in Spellcasting
  6111 | D:5      | Slain by a sky beast

Action                   |  1- 3 |  4- 6 |  7- 9 || total
-------------------------+-------+-------+-------++-------
Melee: Club              |     3 |       |       ||     3
       Rapier            |       |    24 |       ||    24
       Dagger            |       |    13 |    17 ||    30
 Cast: Magic Dart        |    93 |   189 |    11 ||   293
       Call Imp          |     8 |     8 |       ||    16
       Blink             |     2 |     7 |       ||     9
       Mephitic Cloud    |       |    24 |     2 ||    26
       Conjure Flame     |       |     6 |     2 ||     8
       Repel Missiles    |       |     1 |     1 ||     2
Evoke: Wand              |       |     2 |     3 ||     5
  Use: Scroll            |       |    15 |       ||    15
       Potion            |       |     1 |       ||     1
 Stab: Confused          |       |     4 |       ||     4
       Paralysed         |       |       |     1 ||     1
  Eat: Chunk             |     5 |    10 |     1 ||    16
